 Dungeon Crawl Stone Soup version 0.17-a0-1850-g688e747 (webtiles) character file.

1680 Ijustatesigmund the Slinger (level 9, -2/62 HPs)
             Began as a Halfling Hunter on Sept 19, 2015.
             Slain by Duvessa
             ... wielding a +0 rapier
              (12 damage)
             ... on level 7 of the Dungeon.
             The game lasted 00:20:17 (5689 turns).

Ijustatesigmund the Slinger (Halfling Hunter)       Turns: 5689, Time: 00:20:17

Health: -2/62      AC:  7    Str: 12    XL:     9   Next: 21%
Magic:  9/9        EV: 23    Int: 10    God:
Gold:   338        SH:  0    Dex: 23    Spells: 0 memorised, 8 levels left

rFire  . . .     SeeInvis .     c - +1 short sword
rCold  . . .     Clarity  .     d - +2 leather armour
rNeg   . . .     SustAt   +     (shield restricted)
rPois  .         Gourm    .     (no helmet)
rElec  .         Spirit   .     (no cloak)
rCorr  .         Warding  .     k - +1 pair of gloves
rMut   .         Stasis   .     (no boots)
MR     .....                    (no amulet)
Stlth  ++++......               (no ring)
                                l - ring of sustain attributes

@: agile, very slightly contaminated, hasted (expiring), very quick, not
resistant to hostile enchantments, stealthy
A: mutation resistance 1
a: no special abilities


You were on level 7 of the Dungeon.
You were very hungry.

You visited 2 branches of the dungeon, and saw 8 of its levels.

You collected 338 gold pieces.

Inventory:

Hand weapons
 a - a +3 hunting sling
 c - a +1 short sword (weapon)
Missiles
 p - 107 stones (quivered)
 t - 8 curare-tipped needles
Armour
 d - a +2 leather armour (worn)
 k - a +1 pair of gloves (worn)
Jewellery
 l - a ring of sustain attributes (left hand)
 B - an uncursed ring of teleportation
Magical devices
 g - a wand of confusion (23)
Scrolls
 q - a scroll of magic mapping
 y - 5 scrolls of remove curse
Potions
 h - a potion of might {unknown}
 i - a potion of degeneration {unknown}
 n - a potion of haste
 r - a potion of flight {unknown}
 u - 2 potions of brilliance
 v - a potion of ambrosia
 w - 4 potions of curing
 x - a potion of berserk rage {unknown}
 A - a potion of lignification
 C - a potion of resistance {unknown}
Comestibles
 e - 6 bread rations
 f - 5 beef jerkies
 o - 4 meat rations
 s - 9 fruits


   Skills:
 - Level 6.0 Fighting
 + Level 6.2 Short Blades
 + Level 9.8(10.0) Slings
 - Level 2.0(6.0) Throwing
 + Level 4.6 Dodging
 + Level 3.9 Stealth


You had 8 spell levels left.
You didn't know any spells.

Dungeon Overview and Level Annotations

Branches:
Dungeon (7/15)             Temple (1/1) D:7

Altars:
Ashenzari
Cheibriados
Dithmenos
Fedhas
Gozag
Kikubaaqudgha
Makhleb
Nemelex Xobeh
Ru
Trog
Vehumet
Xom
Yredelemnul
Zin
The Shining One

Annotations:
D:7 Dowan, Duvessa


Innate Abilities, Weirdness & Mutations

You are small and have problems with some larger weapons.
You are somewhat resistant to further mutation.


Message History

Duvessa misses you. The orc wizard hits you with a dagger.
* * * LOW HITPOINT WARNING * * *
Drink which item? (? for menu, Esc to quit)
Okay, then.
Unknown command.
You hit the orc wizard but do no damage.
The orc wizard is heavily wounded.
Duvessa completely misses you.
You hit the orc wizard.
The orc wizard is almost dead.
The orc wizard casts a spell at you. The magic dart hits you!
Duvessa misses you.
You hit the orc wizard but do no damage.
The orc wizard is almost dead.
You hit the orc wizard.
You kill the orc wizard!
Your extra speed is starting to run out.
Duvessa says, "Where magic fails, the sword succeeds!"
Duvessa hits you with a rapier!
You die...

#.....#............#
#.....#............#
#.....#............#
#.....#............#
#.....#.......$....#
#.....#............#
###'###......(....(#
#........(#e######
#########(#@# #(#)#
#.#o# #.#.. #e###
#o# #.# #)# #.#


You could see Duvessa and an orc.

Vanquished Creatures
  2 orc warriors (D:7)
  2 black bears (D:7)
  3 ogres
  A giant frog (D:6)
  3 wights (D:6)
  4 orc wizards
  4 crimson imps
  4 orc priests
  2 hounds
  A gnoll shaman (D:3)
  5 worker ants
  12 adders
  6 gnolls (D:4)
  An ooze (D:1)
  2 worms
  5 giant geckos
  31 orcs
  5 giant cockroaches
  8 goblins
  8 hobgoblins
  4 jackals (D:1)
  7 kobolds
  4 quokkas
  6 bats
  A giant gecko zombie (D:6)
  4 giant newts
  9 rats
144 creatures vanquished.

Notes
Turn   | Place    | Note
--------------------------------------------------------------
     0 | D:1      | Ijustatesigmund the Halfling Hunter began the quest for the Orb.
     0 | D:1      | Reached XP level 1. HP: 14/14 MP: 1/1
   138 | D:1      | Reached skill level 6 in Slings
   231 | D:1      | Reached XP level 2. HP: 19/19 MP: 2/2
   293 | D:1      | Reached skill level 1 in Throwing
   401 | D:1      | Reached XP level 3. HP: 24/24 MP: 3/3
   917 | D:2      | Reached XP level 4. HP: 29/29 MP: 4/4
  1089 | D:2      | Reached skill level 1 in Short Blades
  1207 | D:2      | Reached skill level 7 in Slings
  1489 | D:3      | Found a faded altar to an unknown god.
  1521 | D:3      | Reached XP level 5. HP: 34/34 MP: 5/5
  1791 | D:3      | Reached XP level 6. HP: 20/39 MP: 6/6
  1829 | D:3      | Reached skill level 8 in Slings
  2906 | D:4      | Reached XP level 7. HP: 44/44 MP: 7/7
  3086 | D:5      | Entered Level 5 of the Dungeon
  3491 | D:5      | Reached skill level 5 in Short Blades
  3574 | D:5      | Reached skill level 9 in Slings
  3786 | D:5      | Found a bloodstained altar of Trog.
  3786 | D:5      | Found a blossoming altar of Fedhas.
  4316 | D:6      | Reached XP level 8. HP: 40/49 MP: 8/8
  4896 | D:6      | Reached skill level 5 in Fighting
  5166 | D:7      | Reached XP level 9. HP: 47/62 MP: 9/9
  5371 | D:7      | Found a staircase to the Ecumenical Temple.
  5377 | Temple   | Entered the Ecumenical Temple
  5541 | D:7      | Found an opulent altar of Gozag.
  5643 | D:7      | Noticed Dowan
  5644 | D:7      | Noticed Duvessa
  5689 | D:7      | Slain by Duvessa

Vault maps used:
D:1:      mainiacjoe_arrival_reflecting_pool
D:3:      first_bread, ecumenical_altar_2, minmay_three_crescents
D:5:      amethyst_overflow_temple_binary
D:6:      serial_glass, glass_columns_a, glass_columns_b, kennysheep_donut
D:7:      led_sif_pool, kennysheep_mini, minmay_temple_entry_enclosed_plants,
          grunt_ogre_cave, uniq_menkaure, uniq_duvessa
Temple:   circular_temple_pool_12

Action                   |  1- 3 |  4- 6 |  7- 9 || total
-------------------------+-------+-------+-------++-------
Melee: Short sword       |       |    30 |    25 ||    55
 Fire: Hunting sling     |    79 |   201 |   293 ||   573
  Use: Scroll            |     1 |     8 |    11 ||    20
       Potion            |       |     1 |     5 ||     6
 Stab: Sleeping          |       |     1 |       ||     1
  Eat: Fruit             |       |     2 |       ||     2
       Chunk             |       |     3 |     8 ||    11
